 Dungeon Crawl Stone Soup version 0.19.1-1-g22dce08 (webtiles) character file.

444 Gargoyl the Skirmisher (level 7, -1/60 HPs)
             Began as a Ghoul Abyssal Knight on Jan 4, 2017.
             Was a Believer of Lugonu.
             Slain by a worker ant (4 damage)
             ... on level 5 of the Dungeon.
             The game lasted 00:12:49 (4060 turns).

Gargoyl the Skirmisher (Ghoul Abyssal Knight)       Turns: 4060, Time: 00:12:49

Health: -1/60      AC: 12    Str: 16    XL:     7   Next: 3%
Magic:  8/8        EV:  2    Int:  7    God:    Lugonu [**....]
Gold:   212        SH:  0    Dex: -3 (10) Spells: 0 memorised, 6 levels left

rFire  + . .     SeeInvis .     e - +1 dire flail of Eraudi {freeze, rF+ MR+}
rCold  + . .     Gourm    .     r - +0 chain mail
rNeg   + + +     Faith    .     (shield currently unavailable)
rPois  ∞         Spirit   .     (no helmet)
rElec  .         Reflect  .     d - +2 cloak
rCorr  .         Harm     .     (no gloves)
MR     +....                    (no boots)
Stlth  ..........               (no amulet)
                                (no ring)
                                (no ring)

@: about to teleport, very slightly contaminated, rotting, slowed, lost
dexterity, very slow
A: rotting body, claws 1, carnivore 3, cold resistance 1, negative energy
resistance 3, slow regeneration 1, torment resistance, unbreathing
a: Depart the Abyss, Bend Space, Renounce Religion


You were on level 5 of the Dungeon.
You worshipped Lugonu.
Lugonu was pleased with you.
You were not hungry.

You visited 1 branch of the dungeon, and saw 5 of its levels.
You visited the Abyss 1 time.

You collected 212 gold pieces.

Inventory:

Hand Weapons
 a - a +1 hand axe
 e - the +1 dire flail of Eraudi (weapon) {freeze, rF+ MR+}
   (You found it on level 4 of the Dungeon)

   It has been specially enchanted to freeze those struck by it, causing extra
   injury to most foes and up to half again as much damage against particularly
   susceptible opponents.
   It can also slow down cold-blooded creatures.
   It protects you from fire.
   It affects your resistance to hostile enchantments.
Missiles
 j - 5 tomahawks
 k - 5 javelins (quivered)
Armour
 d - a +2 cloak (worn)
 r - a +0 chain mail (worn)
Jewellery
 q - an uncursed ring of flight
Wands
 h - a wand of slowing (25/48)
Scrolls
 i - a scroll of fog
 l - 3 scrolls of enchant armour
 o - 2 scrolls of remove curse
 s - 3 scrolls of magic mapping
Potions
 g - a potion of flight
Comestibles
 b - a slice of pizza
 c - 2 meat rations
 t - a beef jerky


   Skills:
 + Level 4.5 Fighting
 + Level 3.9 Axes
 + Level 0.8(2.5) Maces & Flails
 + Level 0.1 Throwing
 * Level 3.6 Armour
 + Level 1.6 Dodging
 * Level 3.5 Invocations


You had 6 spell levels left.
You didn't know any spells.

Dungeon Overview and Level Annotations

Branches:
Dungeon (5/15)
 Temple: D:4-7

Altars:
Cheibriados

Shops:
D:4 %

Annotations:
D:3 Silverhawk's ghost, amateur MiFi


Innate Abilities, Weirdness & Mutations

Your body is rotting away.
You thrive on raw meat.
You are immune to poison.
You have sharp fingernails.
You are carnivorous and can eat meat at any time.
Your flesh is cold resistant. (rC+)
You are immune to negative energy. (rN+++)
You regenerate slowly when monsters are visible.
You are immune to unholy pain and torment.
You can survive without breathing.


Message History

Anything else - Cancel.
Retreat in which direction?
Press: ? - help, Dir - move target cursor, f - you
Okay, then.
Unknown command.
Unknown command.
As you read the scroll labeled XIG MEORIU, it crumbles to dust.
You feel aware of your surroundings.
You sensed 2 altars.
It was a scroll of magic mapping.
The worker ant bites you.
* * * LOW HITPOINT WARNING * * *
The worker ant bites you but does no damage.
All of the chunks of flesh in your inventory have rotted away.
The worker ant bites you.
* * * LOW HITPOINT WARNING * * *
As you read the scroll of teleportation, it crumbles to dust.
You feel strangely unstable.
The worker ant bites you but does no damage.
The worker ant bites you.
You die...

*,*,*,,,,,**,#****,,#....,*
*,*,*****,,,,,.,**,,.S#.*,****
*,,,,,,,,,,,,##.*,,,O..,*,,,,*
*,*,,,,,,,,,,,..####S.******,*
*,******,***####.....,,,,,**,*
*,,,,,,,,,,,..#,....#####,**,*
********,***#.#.,#......#,**,*
*,>,*#.#..#..##,**,**,*
**,,*#@#......#,**,≈≈≈≈
*,,*#a#####..#,**≈≈,,,
**********,,*#O#..O.O.#,,,≈,,,,
*,,,,,,,,,,,*#.#.####.#,,,≈,,_,
*,*********,*#...# #.#*,,≈,,,,
*,*****,,,*,*##### #.#***≈≈,,,
*,,,,**,*,*,* #.# *,≈≈≈≈
******+**,*,,,* #.# *,****
,,,,,,,,,,***** #.# *,*


You could see an ogre and a worker ant.

Vanquished Creatures
  A scorpion (D:4)
  3 orc wizards
  An orc priest (D:4)
  2 worker ants (D:4)
  4 gnolls
  A howler monkey skeleton (D:4)
  6 adders
  4 oozes
  3 worms
  3 dart slugs
  2 leopard geckos
  11 orcs
  5 giant cockroaches
  8 goblins
  10 hobgoblins
  7 jackals (D:1)
  5 kobolds
  A quokka (D:4)
  A ball python (D:2)
  A ball python skeleton (D:4)
  11 bats
  2 frilled lizards
  A leopard gecko skeleton (D:3)
  5 rats
98 creatures vanquished.

Vanquished Creatures (others)
  A hound (D:5)
  An orc wizard (D:5)
2 creatures vanquished.

Grand Total: 100 creatures vanquished

Notes
Turn   | Place    | Note
-------+----------+-------------------------------------------
     0 | Abyss:1  | Gargoyl the Ghoul Abyssal Knight began the quest for the Orb.
     0 | Abyss:1  | Reached XP level 1. HP: 19/19 MP: 1/1
    26 | Abyss:2  | Noticed an iron imp
    56 | Abyss:2  | Noticed a wraith
    75 | Abyss:2  | Noticed a large abomination
    75 | Abyss:2  | Noticed an apocalypse crab
    79 | D:1      | Escaped the Abyss
   311 | D:1      | Reached XP level 2. HP: 23/26 MP: 2/2
   345 | D:1      | Reached * piety under Lugonu
   491 | D:1      | Reached skill level 1 in Dodging
   641 | D:1      | Reached XP level 3. HP: 33/33 MP: 3/3
  1278 | D:2      | Reached XP level 4. HP: 40/40 MP: 4/4
  2325 | D:2      | Reached skill level 4 in Fighting
  2501 | D:3      | Reached XP level 5. HP: 37/46 MP: 5/5
  2503 | D:3      | Reached ** piety under Lugonu
  2790 | D:3      | Noticed Silverhawk's ghost (amateur MiFi)
  2818 | D:3      | Reached XP level 6. HP: 46/52 MP: 7/7
  3379 | D:4      | Got a warped dire flail
  3380 | D:4      | Identified the cursed +1 dire flail of Eraudi {freeze, rF+ MR+} (You found it on level 4 of the Dungeon)
  3758 | D:4      | Found Rauleng's Food Emporium.
  3847 | D:4      | Reached XP level 7. HP: 53/60 MP: 8/8
  3866 | D:4      | Found a snail-covered altar of Cheibriados.
  3977 | D:5      | Entered Level 5 of the Dungeon
  4020 | D:5      | Lost dexterity.
  4058 | D:5      | HP: 2/60 [worker ant (4)]
  4060 | D:5      | Slain by a worker ant

Skill      XL: |  1  2  3  4  5 |
---------------+----------------+-----
Armour         | 2 3 |  3.6
Dodging        | 1 |  1.6
Axes           | 2 3 |  3.9
Fighting       | 4 |  4.5
Invocations    | 3 |  3.5
Maces & Flails | |  0.8
Throwing       | |  0.1

Action                   |  1- 3 |  4- 6 |  7- 9 || total
-------------------------+-------+-------+-------++-------
Melee: Hand axe          |   119 |   225 |       ||   344
       Dire flail        |       |    53 |    64 ||   117
Throw: Javelin           |    10 |       |       ||    10
Invok: Depart the Abyss  |     1 |       |       ||     1
  Use: Scroll            |     2 |     8 |     4 ||    14
       Potion            |       |     3 |       ||     3
  Eat: Chunk             |    21 |    33 |     1 ||    55
Armor: Ring mail         |    63 |    68 |       ||   131
       Leather armour    |     2 |       |       ||     2
       Chain mail        |       |   121 |   200 ||   321
Dodge: Dodged            |    85 |   184 |    63 ||   332
